 Dungeon Crawl Stone Soup version 0.29.1 (webtiles) character file.

Game seed: 6489951420519728073

429 qw the Cleaver (level 6, -4/53 HPs)
             Began as a Minotaur Berserker on Sept 13, 2022.
             Was a Priest of Trog.
             Succumbed to a gnoll sergeant's poison
             ... on level 6 of the Dungeon.
             The game lasted 00:01:02 (2986 turns).

qw the Cleaver (Minotaur Berserker)                 Turns: 2986, Time: 00:01:03

Health: -4/53      AC:  8    Str: 23    XL:     6   Next: 66%
Magic:  5/5        EV:  7    Int:  4    God:    Trog [***...]
Gold:   211        SH:  0    Dex: 10    Spells: 5/5 levels left

rFire   . . .      SeeInvis .   Y - +0 hand axe
rCold   . . .      Faith    .   (no shield)
rNeg    . . .      Spirit   .   g - +0 plate armour
rPois   .          Reflect  .   f - +2 hat
rElec   .          Harm     .   (no cloak)
rCorr   .          Rampage  .   (no gloves)
Will    .....                   (no boots)
Stlth   ..........              (no amulet)
HPRegen 0.17/turn               (no ring)
MPRegen 0.09/turn               (no ring)

@: lethally poisoned (-4 -> -32), on berserk cooldown, slowed, very slow
A: horns 2, retaliatory headbutt, talons 1, deformed body
a: Renounce Religion, Berserk, Trog's Hand


You were on level 6 of the Dungeon.
You worshipped Trog.
Trog was most pleased with you.
You visited 1 branch of the dungeon, and saw 5 of its levels.

You collected 211 gold pieces.


Innate Abilities, Weirdness & Mutations

You have a pair of horns on your head.
You reflexively headbutt those who attack you in melee.
You have sharp toenails.
Armour fits poorly on your strangely shaped body.


   Skills:
 - Level 4.3 Fighting
 + Level 8.6 Axes
 - Level 3.1 Armour
 - Level 2.1 Dodging


You had 5 spell levels left.
You didn't know any spells.
Your spell library was empty.

Inventory:

Hand Weapons
 c - a +0 flail
 Y - a +0 hand axe (weapon)
Armour
 f - a +2 hat (worn)
 g - a +0 plate armour (worn)
Scrolls
 b - a scroll of identify
Potions
 a - a potion of cancellation
 d - a potion of invisibility {unknown}
 e - a potion of berserk rage {unknown}
 h - 2 potions of lignification {unknown}

Dungeon Overview and Level Annotations

Branches:
Dungeon (4/15)
 Temple: D:4-7

Altars:
Ashenzari
Qazlal


Message History

You slash the gnoll sergeant!
The gnoll sergeant is moderately wounded.
You hear a shout! x2
The gnoll sergeant barely misses you.
You hit the gnoll sergeant but do no damage.
Your kick misses the gnoll sergeant.
The gnoll sergeant is moderately wounded.
A gnoll comes into view. It is wielding a +0 whip.
The gnoll sergeant hits you with a +1 trident of venom!
You are poisoned.
You hit the gnoll sergeant but do no damage.
The gnoll sergeant is moderately wounded.
You hit the gnoll.
You feel very sick. The gnoll barely misses you.
The gnoll sergeant closely misses you.
You hit the gnoll sergeant.
The gnoll sergeant is heavily wounded.
You hit the gnoll.
You feel very sick. The gnoll hits you with a +0 flail.
A gnoll comes into view. It is wielding a +0 whip.
The gnoll sergeant barely misses you. You furiously retaliate!
You headbutt the gnoll sergeant!
A gnoll comes into view. It is wielding a +0 whip.
The gnoll sergeant hits you with a +1 trident of venom.
You are more poisoned.
The gnoll moves out of view.
You hit the gnoll sergeant. Your kick misses the gnoll sergeant.
Your headbutt misses the gnoll sergeant.
The gnoll sergeant is severely wounded.
You barely miss the gnoll.
You feel very sick.
The gnoll sergeant hits you with a +1 trident of venom.
You are more poisoned.
The gnoll hits you with a +0 flail!
You closely miss the gnoll sergeant. Your kick misses the gnoll sergeant.
Your headbutt misses the gnoll sergeant.
The gnoll sergeant is severely wounded.
You hit the gnoll. x2
You die...

#.#...#.# .#...#. # .....
#. #...# .#. #...# ####.
... #...# ......
#.#######...#######......
#..........gg@))....# #
##..........gg%.....#
.###................)..#
#.#.#####.......#####......
#..## #.#...#.# ..#.## #.##
#.#...#.# ...# #.#
#.#...#.# #..# #.#
#.).....# ..# #.# #.


You could see a gnoll sergeant and 3 gnolls.

Vanquished Creatures
  A water moccasin (D:6)
  A howler monkey (D:6)
  3 orc priests (D:6)
  Jessica (D:2)
  Terence (D:2)
  2 orc wizards
  2 adders
  2 dart slugs
  8 orcs
  4 ball pythons
  6 bats
  11 endoplasms
  2 giant cockroaches
  6 goblins
  2 hobgoblins (D:1)
  3 jackals (D:1)
  6 kobolds
  2 quokkas
  3 frilled lizards (D:1)
  6 rats
72 creatures vanquished.

Notes
Turn   | Place    | Note
-------+----------+-------------------------------------------
     0 | D:1      | qw the Minotaur Berserker began the quest for the Orb.
     0 | D:1      | Reached XP level 1. HP: 19/19 MP: 0/0
     0 | D:1      | 0 ||| qw: Version: 0.1-a-119-g272c26d
     0 | D:1      | 0 ||| qw: Game counter: 11221
     0 | D:1      | 0 ||| qw: Always use a shield: true
     0 | D:1      | 0 ||| qw: Do Orc after D:15 true
     0 | D:1      | 0 ||| qw: Do second Lair branch before Depths: true
     0 | D:1      | 0 ||| qw: Lair rune preference: random
     0 | D:1      | 0 ||| qw: Plans: Normal
     0 | D:1      | 0 ||| PLANNING D:1-11
    40 | D:1      | Reached skill level 4 in Axes
    42 | D:1      | 42 ||| Stepping ~*~*~tactically~*~*~ (stealth).
    57 | D:1      | 57 ||| Stepping ~*~*~tactically~*~*~ (stealth).
    67 | D:1      | 67 ||| Stepping ~*~*~tactically~*~*~ (stealth).
   198 | D:1      | Reached XP level 2. HP: 21/26 MP: 1/1
   408 | D:1      | 408 ||| Stepping ~*~*~tactically~*~*~ (stealth).
   409 | D:1      | 409 ||| Stepping ~*~*~tactically~*~*~ (stealth).
   428 | D:1      | 428 ||| Stepping ~*~*~tactically~*~*~ (stealth).
   498 | D:1      | 498 ||| Stepping ~*~*~tactically~*~*~ (stealth).
   499 | D:1      | 499 ||| Stepping ~*~*~tactically~*~*~ (stealth).
   549 | D:1      | Reached skill level 5 in Axes
   555 | D:1      | 555 ||| Stepping ~*~*~tactically~*~*~ (stealth).
   590 | D:1      | Reached XP level 3. HP: 31/31 MP: 2/2
   634 | D:1      | 634 ||| Stepping ~*~*~tactically~*~*~ (stealth).
   635 | D:1      | Reached ** piety under Trog
   638 | D:1      | 638 ||| Stepping ~*~*~tactically~*~*~ (stealth).
   639 | D:1      | 639 ||| Stepping ~*~*~tactically~*~*~ (stealth).
  1035 | D:1      | 1035 ||| UPGRADING to +2 hat.
  1040 | D:1      | 1040 ||| UPGRADING to +0 plate armour.
  1050 | D:1      | 1050 ||| DROPPING +0 animal skin.
  1051 | D:1      | 1051 ||| READING scroll labelled CARUNO EMOLIEN.
  1052 | D:1      | 1052 ||| READING scroll labelled XURPHY AMASK.
  1053 | D:1      | 1053 ||| READING scroll labelled ILEHAS QOM KOS.
  1160 | D:2      | Noticed Jessica
  1161 | D:2      | 1161 ||| Stepping ~*~*~tactically~*~*~ (hiding).
  1166 | D:2      | Killed Jessica
  1167 | D:2      | Reached skill level 6 in Axes
  1167 | D:2      | Reached XP level 4. HP: 39/39 MP: 3/3
  1286 | D:2      | Noticed Terence
  1287 | D:2      | 1287 ||| INVOKING Berserk.
  1288 | D:2      | 1288 ||| INVOKING Berserk.
  1292 | D:2      | Killed Terence
  1721 | D:2      | 1721 ||| READING scroll labelled VOTIESK TAOF.
  1722 | D:2      | 1722 ||| DRINKING 2 emerald potions.
  1722 | D:2      | Gained mutation: You occasionally lose the ability to read
                  | scrolls when taking damage. [potion of mutation]
  1722 | D:2      | Gained mutation: Your skin changes colour to match your
                  | surroundings (Stealth+). [potion of mutation]
  1722 | D:2      | Gained mutation: You have sharp toenails. [potion of
                  | mutation]
  1723 | D:2      | 1723 ||| DRINKING potion of mutation.
  1723 | D:2      | Lost mutation: You have sharp toenails. [potion of
                  | mutation]
  1723 | D:2      | Lost mutation: You occasionally lose the ability to read
                  | scrolls when taking damage. [potion of mutation]
  1723 | D:2      | Lost mutation: Your skin changes colour to match your
                  | surroundings (Stealth+). [potion of mutation]
  1723 | D:2      | Gained mutation: Armour fits poorly on your strangely
                  | shaped body. [potion of mutation]
  1723 | D:2      | Gained mutation: You have sharp toenails. [potion of
                  | mutation]
  1724 | D:2      | 1724 ||| READING 2 scrolls of identify.
  1724 | D:2      | 1724 ||| IDENTIFYING clear potion
  1809 | D:3      | 1809 ||| Stepping randomly (stuck).
  1873 | D:3      | 1873 ||| DROPPING +0 club.
  1918 | D:3      | Found a stormy altar of Qazlal.
  1918 | D:3      | Noticed an earth elemental
  1919 | D:3      | Noticed a fire elemental
  1919 | D:3      | Noticed a water elemental
  1919 | D:3      | Noticed an air elemental
  2469 | D:3      | 2469 ||| READING scroll labelled INAUSO EVVATH.
  2470 | D:3      | 2470 ||| READING scroll labelled SAHIRU WOCLACAA.
  2471 | D:3      | 2471 ||| READING scroll labelled XAJION PEERR.
  2572 | D:3      | 2572 ||| DRINKING 2 ruby potions.
  2573 | D:3      | 2573 ||| READING 3 scrolls of identify.
  2573 | D:3      | 2573 ||| IDENTIFYING silvery potion
  2574 | D:3      | 2574 ||| READING 2 scrolls of identify.
  2574 | D:3      | 2574 ||| IDENTIFYING metallic red potion
  2575 | D:3      | 2575 ||| DROPPING potion of brilliance.
  2576 | D:3      | 2576 ||| DROPPING potion of magic.
  2653 | D:4      | Reached skill level 7 in Axes
  2653 | D:4      | Reached XP level 5. HP: 42/45 MP: 4/4
  2705 | D:4      | Found a broken altar of Ashenzari.
  2783 | D:4      | 2783 ||| INVOKING Berserk.
  2789 | D:4      | Reached skill level 3 in Armour
  2793 | D:4      | 2793 ||| DRINKING potion of curing.
  2793 | D:4      | 2793 ||| (to cure confusion)
  2793 | D:4      | Reached *** piety under Trog
  2929 | D:4      | You fall into a shaft and drop 2 floors!
  2957 | D:6      | Noticed a water moccasin
  2958 | D:6      | 2958 ||| INVOKING Berserk.
  2965 | D:6      | Reached XP level 6. HP: 53/53 MP: 5/5
  2966 | D:6      | Killed a water moccasin
  2967 | D:6      | Reached skill level 8 in Axes
  2985 | D:6      | HP: 11/53 [gnoll sergeant/+1 trident of venom (6)]
  2985 | D:6      | HP: 3/53 [gnoll/+0 flail[a gnoll sergeant] (8)]
  2986 | D:6      | Succumbed to a gnoll sergeant's poison

Levels and vault maps discovered:
D:1:      saegor_arrival_miasma, layout_loops_ring, minmay_close_crescents
D:2:      layout_basic, uniq_jessica, uniq_terence
D:3:      layout_loops_cross, nicolae_qazlal_style_of_elements,
          nicolae_eternal_life
D:4:      layout_gridville, mainiacjoe_overflow_tiny_flanked,
          serial_bayou_pond_b, amcnicky_mini_rare_corridor_liquid
D:6:      layout_loops_cross

Skill      XL: |  1  2  3  4  5  6 |
---------------+-------------------+-----
Axes           | 4 5 6 7 8 |  8.6
Armour         | 3 |  3.1
Fighting       | 4 |  4.3
Dodging        | |  2.1

Action                   |  1- 3 |  4- 6 || total
-------------------------+-------+-------++-------
Melee: Hand axe          |    74 |    69 ||   143
       Headbutt          |    13 |     7 ||    20
       Kick              |       |    12 ||    12
Invok: Berserk           |       |     3 ||     3
  Use: Scroll            |     3 |     7 ||    10
       Potion            |       |     4 ||     4
Armor: Animal skin       |     8 |       ||     8
       Plate armour      |     3 |    17 ||    20
Dodge: Dodged            |    35 |    21 ||    56

Table legend:
 A = Non-vault XP
 B = Vault XP
 C = Vault XP percentage of total XP
 D = Non-vault monster count
 E = Vault monster count
 F = Vault count percentage of total count
                 A         B        C        D         E       F
            +---------+---------+-------+---------+---------+-------
      Total |     531 |      82 |  13.4 |      65 |       7 |   9.7
            +---------+---------+-------+---------+---------+-------
        D:1 |      52 |       9 |  14.8 |      29 |       5 |  14.7
        D:2 |      12 |      73 |  85.9 |       7 |       2 |  22.2
        D:3 |      42 |       0 |   0.0 |      15 |       0 |   0.0
        D:4 |      59 |       0 |   0.0 |       6 |       0 |   0.0
        D:6 |     366 |       0 |   0.0 |       8 |       0 |   0.0
            +---------+---------+-------+---------+---------+-------
